 Dungeon Crawl Stone Soup version 0.31-a0-845-g9abc20d24f (webtiles) character file.

Game seed: 11121685094352044117

71 Nattfarinn the Ruffian (level 4, -1/23 HPs)
             Began as a Vine Stalker Shapeshifter on Oct 2, 2023.
             Slain by Ijyb
             ... wielding a +6 club
              (5 damage)
             ... on level 2 of the Dungeon.
             The game lasted 00:02:05 (1809 turns).

Nattfarinn the Ruffian (Vine Stalker Shapeshifter)  Turns: 1809, Time: 00:02:05

Health: -1/23      AC:  2    Str: 18    XL:     4   Next: 24%
Magic:  0/5        EV: 12    Int: 10    God:
Gold:   161        SH:  0    Dex: 14    Spells: 3/3 levels left

rFire   + .          .
                       - Unarmed
rCold   . . .        (no shield)
rNeg    . . .        a - +0 animal skin
rPois   .            (helmet currently unavailable)
rElec   .            (cloak currently unavailable)
rCorr   .            (gloves currently unavailable)
SInv    .            (boots currently unavailable)
Will    +....        (no amulet)
Stlth   +            k - ring of protection from fire
HPRegen 1.03/turn    h - ring of willpower
MPRegen 0.09/turn

%: guardian spirit
@: beast-form
A: beast (slay +1), fangs 2, regeneration 1, magic shield, antimagic bite, no
potion heal 2
a: Begin Untransformation


You were on level 2 of the Dungeon.
You were a hulking beast.
You visited 1 branch of the dungeon, and saw 3 of its levels.

You collected 161 gold pieces.

Inventory:

Armour
 a - a +0 animal skin (worn)
 n - a +0 cloak
Jewellery
 h - a ring of willpower (right hand)
 k - a ring of protection from fire (left hand)
Talismans
 c - a beast talisman (active)
 d - a flux talisman
Wands
 q - a wand of flame (6)
Scrolls
 e - a scroll of teleportation {unknown}
 f - 2 scrolls of revelation {unknown}
 i - 3 scrolls of fear {unknown}
 j - 3 scrolls of identify {unknown}
 m - a scroll of summoning {unknown}
 o - a scroll of vulnerability {unknown}
 p - a scroll of fog {unknown}
Potions
 b - a potion of lignification
 g - 2 potions of degeneration {unknown}
 l - 2 potions of mutation {unknown}
 r - a potion of enlightenment {unknown}
 s - a potion of haste {unknown}


   Skills:
 + Level 1.8 Fighting
 - Level 1.5 Dodging
 * Level 4.1 Unarmed Combat
 + Level 3.4 Shapeshifting


You had 3 spell levels left.
You didn't know any spells.
Your spell library contained the following spells:

 Spells                   Type           Power      Damage    Failure   Level
 Blink                    Tloc           0%         N/A       50%         2
 Lesser Beckoning         Tloc           0%         N/A       50%         2
 Momentum Strike          Conj/Tloc      0%         3d8       50%         2


Dungeon Overview and Level Annotations

Branches:
Dungeon (3/15)

Altars:
Yredelemnul

Annotations:
D:2 Ijyb
D:3 Robin


Innate Abilities, Weirdness & Mutations

You are a hulking beast.
Your limbs bulge with bestial killing power. (Slay +1)
You have extremely sharp teeth.
Your natural rate of healing is unusually fast.
When hurt, damage is shared between your health and your magic reserves.
Your bite disrupts and absorbs the magic of your enemies.
Potions cannot restore your health.


Message History

There is an open door here.
A hobgoblin is nearby!
There is a stone staircase leading up here.
You hit the hobgoblin.
You kill the hobgoblin!
Aiming: Throw Flame
Press: ? - help, Shift-Dir - straight line, f - Ijyb
Aim: Ijyb, wielding a +6 club, wearing a +0 chain mail and carrying a wand of flame (68% to hit)
The puff of flame hits Ijyb.
Ijyb is lightly wounded.
Aiming: Throw Flame
Press: ? - help, Shift-Dir - straight line, f/p - Ijyb
Aim: Ijyb, wielding a +6 club, wearing a +0 chain mail and carrying a wand of flame (lightly wounded, 68% to hit)
The puff of flame hits Ijyb but does no damage.
Ijyb is lightly wounded.
Ijyb hits you with a +6 club.
You climb upwards.
There is a stone staircase leading down here.
You closely miss Ijyb. Ijyb barely misses you.
You closely miss Ijyb. You bite Ijyb. You drain her power.
You feel invigorated.
Ijyb is moderately wounded.
Ijyb hits you with a +6 club.
You barely miss Ijyb. Your bite misses Ijyb.
Ijyb is moderately wounded.
Ijyb hits you with a +6 club.
You hit Ijyb but do no damage. Your bite misses Ijyb.
Ijyb is moderately wounded.
Ijyb zaps a wand.
The puff of flame hits you. You resist.
You hit Ijyb but do no damage.
Ijyb is moderately wounded.
Ijyb hits you with a +6 club!
You hit Ijyb.
Ijyb is moderately wounded.
Ijyb hits you with a +6 club.
* * * LOW HITPOINT WARNING * * *
You closely miss Ijyb.
Ijyb is moderately wounded.
Ijyb hits you with a +6 club.
You die...

#...## #.#.## ##.##
#.#.# #.# ####.#.#
#.# ### #......#
##.####.## #.##.###
.........## #.##.#
...##.....####.##.#
####.........#)##.#
..........##...gh.#
######...###.###..###
##.....#.#.#....#
#...##.#......#.#
#...##........#.#
#...........###.#
##.#####.#.####.###
#.# #.#........# #.#
#.######.#.#


You could see Ijyb.

Vanquished Creatures
  4 adders
  A dart slug (D:1)
  3 ball pythons (D:1)
  3 endoplasms
  2 giant cockroaches (D:1)
  3 goblins (D:1)
  3 hobgoblins
  3 jackals (D:2)
  A quokka (D:1)
  2 bats (D:1)
  3 frilled lizards (D:1)
  3 kobolds
  3 rats
34 creatures vanquished.

Notes
Turn   | Place    | Note
-------+----------+-------------------------------------------
     0 | D:1      | Nattfarinn the Vine Stalker Shapeshifter began the quest
                  | for the Orb.
     0 | D:1      | Reached XP level 1. HP: 9/9 MP: 2/2
    44 | D:1      | Reached skill level 1 in Fighting
   156 | D:1      | Reached XP level 2. HP: 13/14 MP: 1/3
   558 | D:1      | Found a faded altar of an unknown god.
   625 | D:1      | Reached XP level 3. HP: 18/18 MP: 4/4
  1176 | D:2      | You fall into a shaft and drop 1 floor!
  1250 | D:2      | Found a basalt altar of Yredelemnul.
  1533 | D:3      | Reached skill level 4 in Unarmed Combat
  1533 | D:3      | Reached XP level 4. HP: 23/23 MP: 5/5
  1772 | D:3      | Noticed Ijyb
  1772 | D:3      | Noticed Robin
  1809 | D:2      | Slain by Ijyb

Illustrated notes

Levels and vault maps discovered:
D:1:      minmay_arrival_checkered_box, layout_loops_ring,
          chequers_ecumenical_altar_grove
D:2:      layout_loops_ring, basic_altar
D:3:      layout_basic, kennysheep_cluttered_room, nicolae_goblin_pals

Skill      XL: |  1  2  3 |
---------------+----------+-----
Fighting       | 1 |  1.8
Unarmed Combat | 4 |  4.1
Dodging        | |  1.5
Shapeshifting  | |  3.4

Action                     |  1- 3 |  4- 6 || total
---------------------------+-------+-------++-------
  Melee: Unarmed           |    78 |    10 ||    88
         Bite              |    11 |     1 ||    12
  Evoke: Wand              |       |     2 ||     2
   Stab: Sleeping          |     1 |     1 ||     2
 Armour: Animal skin       |    29 |     7 ||    36
  Dodge: Dodged            |    32 |     3 ||    35

Table legend: (Time is in decaauts)
 A = Elapsed time spent in this place.
 B = Non-inter-level travel time spent in this place.
 C = Inter-level travel time spent in this place.
 D = Time resting spent in this place.
 E = Time spent auto-exploring this place.
 F = Levels seen in this place.
 G = Mean time per level.
                   A        B        C        D        E       F      G
               +--------+--------+--------+--------+--------+-----+--------+
         Total |   1803 |   1706 |     97 |      0 |   1472 |   3 |  601.0 |
       Dungeon |   1803 |   1706 |     97 |      0 |   1472 |   3 |  601.0 |
               +--------+--------+--------+--------+--------+-----+--------+

Top non-repeatable levels by time:
     D:1: 785 daAuts
     D:2: 676 daAuts
     D:3: 340 daAuts
